 Dungeon Crawl Stone Soup version 0.28-a0-863-g8cecda6153 (webtiles) character file.

Game seed: 1421573626363391568

142 siradein the Skirmisher (level 5, -8/42 HPs)
             Began as a Demonspawn Fighter on Nov 18, 2021.
             Mangled by Pikel (9 damage)
             ... on level 3 of the Dungeon.
             The game lasted 00:06:52 (2520 turns).

siradein the Skirmisher (Demonspawn Fighter)        Turns: 2520, Time: 00:06:53

Health: -8/42      AC:  6    Str: 17    XL:     5   Next: 4%
Magic:  5/5        EV: 11    Int:  9    God:
Gold:   64         SH:  5    Dex: 13    Spells: 4/4 levels left

rFire   . . .      SeeInvis .   a - +0 long sword
rCold   . . .      Faith    .   c - +0 buckler
rNeg    . . .      Spirit   .   b - +0 scale mail
rPois   +          Reflect  .   (no helmet)
rElec   .          Harm     .   (no cloak)
rCorr   .          Rampage  .   (no gloves)
Will    .....                   (no boots)
Stlth   ..........              (no amulet)
HPRegen 0.14/turn               k - ring of poison resistance
MPRegen 0.09/turn               (no ring)

@: mighty
A: repulsion field 1
a: no special abilities


You were on level 3 of the Dungeon.
You visited 1 branch of the dungeon, and saw 4 of its levels.

You collected 84 gold pieces.
You spent 20 gold pieces at shops.

Inventory:

Hand Weapons
 a - a +0 long sword (weapon)
Missiles
 f - 46 stones (quivered)
 m - 2 boomerangs
Armour
 b - a +0 scale mail (worn)
 c - a +0 buckler (worn)
Jewellery
 k - a ring of poison resistance (left hand)
Scrolls
 i - a scroll of fog
 n - a scroll of enchant armour {unknown}
 o - a scroll of immolation {unknown}
 q - a scroll of amnesia {unknown}
Potions
 d - a potion of might
 e - 5 potions of curing
 h - a potion of invisibility {unknown}
 j - 3 potions of berserk rage {unknown}
 l - a potion of ambrosia {unknown}
 p - a potion of haste {unknown}


   Skills:
 + Level 3.8 Fighting
 + Level 2.8 Long Blades
 + Level 3.4 Armour
 + Level 3.5 Shields


You had 4 spell levels left.
You didn't know any spells.
Your spell library contained the following spells:

 Spells                   Type           Power      Damage    Failure   Level
 Blink                    Tloc           0%         N/A       91%         2
 Manifold Assault         Tloc           0%         N/A       100%        5
 Storm Form               Tmut/Air       0%         N/A       100%        7


Dungeon Overview and Level Annotations

Branches:
Dungeon (4/15)
 Temple: D:4-7

Altars:

Shops:
D:1 ?   D:2 ?!=((

Annotations:
D:3 Pikel


Innate Abilities, Weirdness & Mutations

You are surrounded by a mild repulsion field. (EV +2)


Message History

Throw: 47 stones
Press: ? - help, Q - select action, (/) - cycle Shift-Dir - straight line, f/p - Pikel
Aim: Pikel, wielding a +0 whip of flaming and wearing a +0 robe (lightly wounded, very poisoned, 50% to hit)
You throw a stone. The stone closely misses Pikel.
Pikel says, "You'll make a fine lemure."
Pikel barely misses you.
You hit Pikel.
Pikel is lightly wounded.
Pikel hits you with a +0 whip of flaming!
Pikel burns you.
* * * LOW HITPOINT WARNING * * *
Pikel hits you with a +0 whip of flaming.
* * * LOW HITPOINT WARNING * * *
Pikel burns you.
* * * LOW HITPOINT WARNING * * *
Pikel looks more healthy.
You feel very mighty all of a sudden.
Pikel hits you with a +0 whip of flaming.
* * * LOW HITPOINT WARNING * * *
Pikel burns you.
* * * LOW HITPOINT WARNING * * *
You slash Pikel!
Pikel is heavily wounded.
Pikel closely misses you.
You closely miss Pikel.
Pikel is heavily wounded.
Pikel hits you with a +0 whip of flaming.
* * * LOW HITPOINT WARNING * * *
Pikel burns you.
* * * LOW HITPOINT WARNING * * *
You miss Pikel.
Pikel is heavily wounded.
Pikel completely misses you.
You closely miss Pikel.
Pikel is heavily wounded.
You block Pikel's attack. Pikel closely misses you.
You hit Pikel.
Pikel is severely wounded.
Pikel hits you with a +0 whip of flaming!
You die...

.####.........# ######
...##.........# #.....
##............# #.....
###<........># #.....
##.........# #..... #.........#
#..... ###.##...## ########..รท..
# #.####.########............
#######.####...K@.....######.....
##.............####.### #####..##
#..#####.####### #...# #.(.>.##
..#### #.# ###.###(##### .....#
#.## #.##..# #....###..#####
#..#.######## ###...........##
##...# #.....
..####...##>#..#######...###.....
#.# ###.....#...................


You could see Pikel.

Vanquished Creatures
  A jelly (D:3)
  5 adders
  A worm (D:2)
  2 dart slugs (D:1)
  5 orcs (D:3)
  2 endoplasms (D:1)
  A giant cockroach (D:1)
  3 goblins (D:1)
  6 hobgoblins (D:1)
  3 quokkas (D:1)
  4 ball pythons
  5 bats
  2 frilled lizards (D:1)
  9 kobolds
  8 rats
57 creatures vanquished.

Notes
Turn   | Place    | Note
-------+----------+-------------------------------------------
     0 | D:1      | siradein the Demonspawn Fighter began the quest for the
                  | Orb.
     0 | D:1      | Reached XP level 1. HP: 18/18 MP: 1/1
   272 | D:1      | Gained mutation: You are surrounded by a mild repulsion
                  | field. (EV +2) [demonic ancestry]
   272 | D:1      | Reached XP level 2. HP: 22/24 MP: 2/2
   434 | D:1      | Found Goudip's Magic Scroll Shop.
   495 | D:1      | Found a faded altar of an unknown god.
   521 | D:1      | Reached XP level 3. HP: 22/29 MP: 3/3
  1015 | D:2      | Found Wan Ati's Distillery.
  1015 | D:2      | Found Laheek's Jewellery Shoppe.
  1229 | D:2      | Found Xideapab's Antique Weapon Shop.
  1355 | D:2      | Found Ulyniosch's Antique Weapon Shop.
  1582 | D:2      | Reached XP level 4. HP: 32/35 MP: 4/4
  1609 | D:2      | Found Xederuesch's Magic Scroll Shop.
  1612 | D:2      | Bought a scroll of identify for 20 gold pieces
  2413 | D:3      | Reached XP level 5. HP: 35/42 MP: 5/5
  2457 | D:4      | Noticed Pikel
  2457 | D:4      | Noticed a lemure
  2457 | D:4      | Noticed a lemure
  2458 | D:4      | Noticed a lemure
  2459 | D:4      | Noticed a lemure
  2515 | D:3      | HP: 2/42 [Pikel (2)]
  2520 | D:3      | Mangled by Pikel

Illustrated notes

Levels and vault maps discovered:
D:1:      scummos_arrival_simple_crosswalls, layout_loops_ring, serial_shops,
          shop, shapermc_ecumenical_altar_starsandcircs, st_stairs_14
D:2:      layout_basic, serial_shops, nicolae_shop_statue_plus,
          nicolae_shop_behind_doors, shop, shop_statue, shop
D:3:      layout_rooms
D:4:      layout_cave_pools, mainiacjoe_overflow_catch_the_wave,
          minmay_temple_entry_drinking_statues, kennysheep_small_square,
          uniq_pikel

Skill      XL: |  1  2 |
---------------+-------+-----
Long Blades    | 2 |  2.8
Armour         | 3 |  3.4
Shields        | 3 |  3.5
Fighting       | |  3.8

Action                   |  1- 3 |  4- 6 || total
-------------------------+-------+-------++-------
Melee: Long sword        |   119 |    60 ||   179
Throw: Stone             |       |    12 ||    12
       Dart              |       |    10 ||    10
  Use: Scroll            |       |     2 ||     2
       Potion            |       |     1 ||     1
Armor: Scale mail        |    33 |    22 ||    55
Dodge: Dodged            |    76 |    33 ||   109
Block: Buckler           |    31 |    23 ||    54

Table legend: (Time is in decaauts)
 A = Elapsed time spent in this place.
 B = Non-inter-level travel time spent in this place.
 C = Inter-level travel time spent in this place.
 D = Time resting spent in this place.
 E = Time spent auto-exploring this place.
 F = Levels seen in this place.
 G = Mean time per level.
                   A        B        C        D        E       F      G
               +--------+--------+--------+--------+--------+-----+--------+
         Total |   2575 |   2525 |     50 |     10 |   1984 |   4 |  643.8 |
       Dungeon |   2575 |   2525 |     50 |     10 |   1984 |   4 |  643.8 |
               +--------+--------+--------+--------+--------+-----+--------+

Top non-repeatable levels by time:
     D:1: 1043 daAuts
     D:3: 753 daAuts
     D:2: 720 daAuts
     D:4: 58 daAuts
